BLB
PITTSBURGH MILLERS @ SYRACUSE SNAPPERS
03/03/2060
 
TOP OF THE 1ST
Pittsburgh Millers batting - Pitching for Syracuse Snappers : RHP Judean Dang
Pitching: RHP Judean Dang
Batting: LHB Byron Carlton 0-0: Foul Ball, location: 2F
0-1: Called Strike
0-2: Foul Ball, location: 2F
0-2: Strikes out swinging
Batting: RHB Colton Coffin 0-0: Foul Ball, location: 2F
0-1: Foul Ball, location: 2F
0-2: Ball
1-2: Ball
2-2: Foul Ball, location: 2F
2-2: Foul Ball, location: 2F
2-2: Strikes out swinging
Batting: RHB Seth Laskie 0-0: Ball
1-0: Called Strike
1-1: Swinging Strike
1-2: Ball
2-2: Strikes out swinging
Top of the 1st over - 0 runs, 0 hits, 0 errors, 0 left on base; Pittsburgh 0 - Syracuse 0
BOTTOM OF THE 1ST
Syracuse Snappers batting - Pitching for Pittsburgh Millers : RHP Justice Michael
Pitching: RHP Justice Michael
Batting: RHB Charlie Jones 0-0: Fly out, F6 (Line Drive, 4MD, EV 75.6 MPH)
Batting: LHB Devan Clark 0-0: Ball
1-0: Foul Ball, location: 2F
1-1: Foul Ball, location: 2F
1-2: Ball
2-2: Foul Ball, location: 2F
2-2: Foul Ball, location: 2F
2-2: Foul Ball, location: 2F
2-2: DOUBLE (Flyball, 8LXD, EV 103.1 MPH)
Batting: LHB Robert Wenstrom 0-0: Called Strike
0-1: Ball
1-1: Ball
2-1: Swinging Strike
2-2: Ball
3-2: Base on Balls
Batting: RHB Asher Kappler 0-0: Called Strike
0-1: Foul Ball, location: 2F
0-2: Ball
1-2: Ball
2-2: Ball
3-2: Strikes out swinging
Batting: SHB Drake Stock 0-0: Foul Ball, location: 2F
0-1: Swinging Strike
0-2: Ball
1-2: Fly out, F5 (Popup, 5F, EV 61.2 MPH)
Bottom of the 1st over - 0 runs, 1 hit, 0 errors, 2 left on base; Pittsburgh 0 - Syracuse 0
TOP OF THE 2ND
Pittsburgh Millers batting - Pitching for Syracuse Snappers : RHP Judean Dang
Batting: LHB Skye Maury 0-0: Called Strike
0-1: Called Strike
0-2: Strikes out swinging
Batting: RHB William Adkins 0-0: Called Strike
0-1: Ground out 5-3 (Groundball, 56S, EV 79.4 MPH)
Batting: RHB Dane Jennings 0-0: Called Strike
0-1: Called Strike
0-2: Ball
1-2: Ball
2-2: Foul Ball, location: 2F
2-2: Foul Ball, location: 2F
2-2: Reached on error, E3 (Groundball, 34, EV 78.1 MPH)
Batting: RHB Cato Flaig 0-0: Foul Ball, location: 2F
0-1: Ball
1-1: Ball
2-1: Ball
3-1: Base on Balls
Batting: RHB LaMark Canete 0-0: Ball
1-0: Called Strike
1-1: Ball
2-1: Fly out, F9 (Flyball, 9LSF, EV 96.9 MPH)
Top of the 2nd over - 0 runs, 0 hits, 1 error, 2 left on base; Pittsburgh 0 - Syracuse 0
BOTTOM OF THE 2ND
Syracuse Snappers batting - Pitching for Pittsburgh Millers : RHP Justice Michael
Batting: RHB Ben Piche 0-0: Called Strike
0-1: SOLO HOME RUN (Line Drive, 9D, EV 96.9 MPH), Distance : 382 ft
Batting: RHB Cody Kats 0-0: Called Strike
0-1: Swinging Strike
0-2: Ball
1-2: Ball
2-2: Foul Ball, location: 2F
2-2: Foul Ball, location: 2F
2-2: Ball
3-2: SINGLE (Line Drive, 56, EV 97.5 MPH)
Batting: RHB Damian Goranson 0-0: Ball
1-0: DOUBLE (Line Drive, 7LM, EV 105.0 MPH)
Cody Kats to third
Batting: RHB Colton Sheridan 0-0: Foul Ball, location: 2F
0-1: Ball
1-1: Swinging Strike
1-2: Fly out, F8 (Flyball, 78S, EV 89.4 MPH)
Batting: RHB Charlie Jones 0-0: Ball
1-0: Ball
2-0: Ball
3-0: Called Strike
3-1: Called Strike
3-2: SINGLE (Line Drive, 6MD, EV 94.4 MPH)
Cody Kats scores
Damian Goranson to third
Batting: LHB Devan Clark 0-0: Ball
1-0: Called Strike
1-1: Swinging Strike
1-2: Fly out, F7 (Flyball, 78M, EV 77.5 MPH)
Batting: LHB Robert Wenstrom 0-0: Called Strike
0-1: Ball
1-1: Ball
2-1: Ball
3-1: Base on Balls
Charlie Jones to second
Batting: RHB Asher Kappler 0-0: SINGLE (Groundball, 4D, EV 97.5 MPH)
Damian Goranson scores
Charlie Jones to third
Robert Wenstrom to second
Runner from 3rd tries for Home, SAFE, throw by RF to home
Batting: SHB Drake Stock 0-0: Ball
1-0: Called Strike
1-1: Ball
2-1: Swinging Strike
2-2: Fly out, F7 (Flyball, 7LD, EV 106.9 MPH)
Bottom of the 2nd over - 4 runs, 5 hits, 0 errors, 2 left on base; Pittsburgh 0 - Syracuse 4
TOP OF THE 3RD
Pittsburgh Millers batting - Pitching for Syracuse Snappers : RHP Judean Dang
Batting: RHB Isaac Pack 0-0: Ball
1-0: Foul Ball, location: 2F
1-1: Foul Ball, location: 2F
1-2: Hit by Pitch
Batting: LHB Byron Carlton 0-0: Swinging Strike
0-1: Ball
1-1: Ball
2-1: Ball
3-1: Base on Balls
Isaac Pack to second
Batting: RHB Colton Coffin 0-0: Ball
1-0: Ball
2-0: Called Strike
2-1: Called Strike
2-2: Ground out 3-1 (Groundball, 13, EV 88.1 MPH)
Isaac Pack to third
Byron Carlton to second
Batting: RHB Seth Laskie 0-0: Ball
Wild Pitch!
Isaac Pack scores
Byron Carlton to third
1-0: Ball
2-0: Foul Ball, location: 2F
2-1: Foul Ball, location: 2F
2-2: Foul Ball, location: 2F
2-2: Ball
3-2: Base on Balls
Batting: LHB Skye Maury 0-0: Ball
Seth Laskie is caught stealing 2nd base 2-6
1-0: Foul Ball, location: 2F
1-1: SINGLE (Groundball, 34D, EV 98.1 MPH) (infield hit)
Byron Carlton scores
Batting: RHB William Adkins 0-0: Called Strike
Skye Maury steals 2nd base
0-1: Foul Ball, location: 2F
0-2: SINGLE (Line Drive, 6D, EV 94.4 MPH)
Skye Maury to third
Runner from 3rd tries for Home, throw by CF and OUT! 8-2
Top of the 3rd over - 2 runs, 2 hits, 0 errors, 1 left on base; Pittsburgh 2 - Syracuse 4
BOTTOM OF THE 3RD
Syracuse Snappers batting - Pitching for Pittsburgh Millers : RHP Justice Michael
Batting: RHB Ben Piche 0-0: Called Strike
0-1: Swinging Strike
0-2: Foul Ball, location: 2F
0-2: Foul Ball, location: 2F
0-2: Ball
1-2: Strikes out swinging
Batting: RHB Cody Kats 0-0: Foul Ball, location: 2F
0-1: Foul Ball, location: 2F
0-2: Ball
1-2: Fly out, F8 (Flyball, 8LD, EV 104.4 MPH)
Batting: RHB Damian Goranson 0-0: Called Strike
0-1: Ball
1-1: Ball
2-1: Swinging Strike
2-2: Strikes out swinging
Bottom of the 3rd over - 0 runs, 0 hits, 0 errors, 0 left on base; Pittsburgh 2 - Syracuse 4
TOP OF THE 4TH
Pittsburgh Millers batting - Pitching for Syracuse Snappers : RHP Judean Dang
Batting: RHB Dane Jennings 0-0: Ball
1-0: Ground out 6-3 (Groundball, 6M, EV 83.1 MPH)
Batting: RHB Cato Flaig 0-0: Ball
1-0: Swinging Strike
1-1: Foul Ball, location: 2F
1-2: SINGLE (Groundball, 6MD, EV 94.4 MPH)
Batting: RHB LaMark Canete 0-0: Swinging Strike
0-1: Called Strike
0-2: Strikes out swinging
Batting: RHB Isaac Pack 0-0: Ball
1-0: Ball
2-0: Swinging Strike
2-1: Foul Ball, location: 2F
2-2: Strikes out swinging
Top of the 4th over - 0 runs, 1 hit, 0 errors, 1 left on base; Pittsburgh 2 - Syracuse 4
BOTTOM OF THE 4TH
Syracuse Snappers batting - Pitching for Pittsburgh Millers : RHP Justice Michael
Pitching: LHP Julian Taft
Batting: RHB Colton Sheridan 0-0: Called Strike
0-1: Foul Ball, location: 2F
0-2: Ball
1-2: Strikes out swinging
Pinch Hitting: RHB Victor Day 0-0: Ball
1-0: SINGLE (Line Drive, 34D, EV 109.4 MPH)
Batting: SHB Spencer Buccheri 0-0: Ball
1-0: Called Strike
1-1: Ball
2-1: Foul Ball, location: 2F
2-2: Ball
3-2: Base on Balls
Victor Day to second
Pinch Hitting: RHB Walter Worsham 0-0: Ball
1-0: Fielders Choice at 2nd, 4-6 (Groundball, 4S, EV 86.9 MPH)
Victor Day to third
Pinch Hitting: RHB Felix Guzman 0-0: Called Strike
0-1: Ball
1-1: Foul Ball, location: 2F
1-2: Foul Ball, location: 2F
1-2: Ball
2-2: Strikes out looking
Bottom of the 4th over - 0 runs, 1 hit, 0 errors, 2 left on base; Pittsburgh 2 - Syracuse 4
TOP OF THE 5TH
Pittsburgh Millers batting - Pitching for Syracuse Snappers : RHP Judean Dang
Pitching: RHP Carson Courtney
Now at 1B: Lawrence Gatzioudis
Now at 3B: Rodell bin Rahman
Now in LF: J.D. Diltz
Now in CF: Felix Guzman
Pinch Hitting: RHB Allan Jett 0-0: Foul Ball, location: 2F
0-1: Called Strike
0-2: Ground out 4-3 (Groundball, 34, EV 108.8 MPH)
Pinch Hitting: RHB Tracy Wick 0-0: Ball
1-0: Ground out 6-3 (Groundball, 6, EV 83.8 MPH)
Pinch Hitting: RHB K.J. Avery 0-0: Ball
1-0: Ball
2-0: Ball
3-0: Called Strike
3-1: Called Strike
3-2: Ground out U3 (Groundball, 34, EV 90.0 MPH)
Top of the 5th over - 0 runs, 0 hits, 0 errors, 0 left on base; Pittsburgh 2 - Syracuse 4
BOTTOM OF THE 5TH
Syracuse Snappers batting - Pitching for Pittsburgh Millers : LHP Julian Taft
Now at 1B: Tracy Wick
Now at 3B: Logan Barbee
Now in CF: K.J. Avery
Now in RF: Allan Jett
Batting: SHB Drake Stock 0-0: Ball
1-0: Foul Ball, location: 2F
1-1: Swinging Strike
1-2: Ball
2-2: Ground out 1-3 (Groundball, 13S, EV 69.4 MPH)
Batting: RHB Ben Piche 0-0: SINGLE (Line Drive, 6, EV 95.6 MPH)
Batting: SHB J.D. Diltz 0-0: Called Strike
Ben Piche steals 2nd base
0-1: Ball
1-1: Swinging Strike
1-2: Ball
2-2: Ball
3-2: Foul Ball, location: 2F
3-2: Ground out 6-3 (Groundball, 6, EV 90.0 MPH)
Ben Piche to third
Batting: RHB Damian Goranson 0-0: Called Strike
0-1: Foul Ball, location: 2F
0-2: Foul Ball, location: 2F
0-2: Strikes out swinging
Bottom of the 5th over - 0 runs, 1 hit, 0 errors, 1 left on base; Pittsburgh 2 - Syracuse 4
TOP OF THE 6TH
Pittsburgh Millers batting - Pitching for Syracuse Snappers : RHP Carson Courtney
Pitching: RHP Conner Calloway
Batting: RHB Logan Barbee 0-0: Ball
1-0: Called Strike
1-1: Ball
2-1: Ball
3-1: Called Strike
3-2: Strikes out swinging
Pinch Hitting: RHB Tevin Hawkins 0-0: Called Strike
0-1: Swinging Strike
0-2: Foul Ball, location: 2F
0-2: Ball
1-2: Ball
2-2: Ground out 6-3 (Groundball, 6S, EV 89.4 MPH)
Pinch Hitting: RHB Conner Wilson 0-0: Ball
1-0: Called Strike
1-1: Swinging Strike
1-2: Ground out U3 (Groundball, 3S, EV 80.6 MPH)
Top of the 6th over - 0 runs, 0 hits, 0 errors, 0 left on base; Pittsburgh 2 - Syracuse 4
BOTTOM OF THE 6TH
Syracuse Snappers batting - Pitching for Pittsburgh Millers : LHP Julian Taft
Pitching: RHP Evan Bowker
Now at 2B: Tevin Hawkins
Now at SS: Conner Wilson
Batting: RHB Colton Sheridan 0-0: Ball
1-0: Swinging Strike
1-1: Ball
2-1: Ball
3-1: Ground out 6-3 (Groundball, 6, EV 90.0 MPH)
Batting: LHB Lawrence Gatzioudis 0-0: Swinging Strike
0-1: Ball
1-1: Ground out 4-3 (Groundball, 4, EV 86.9 MPH)
Batting: SHB Spencer Buccheri 0-0: Called Strike
0-1: Ball
1-1: Called Strike
1-2: Fly out, F8 (Flyball, 89M, EV 88.1 MPH)
Bottom of the 6th over - 0 runs, 0 hits, 0 errors, 0 left on base; Pittsburgh 2 - Syracuse 4
TOP OF THE 7TH
Pittsburgh Millers batting - Pitching for Syracuse Snappers : RHP Conner Calloway
Pitching: RHP Clancy Buchanan
Now in RF: Grayson Fragale
Batting: RHB Cato Flaig 0-0: Fly out, F8 (Flyball, 89D, EV 81.9 MPH)
Batting: LHB Spencer Murdock 0-0: Called Strike
0-1: Swinging Strike
0-2: Ball
1-2: Strikes out looking
Batting: RHB Isaac Pack 0-0: Called Strike
0-1: Ball
1-1: Foul Ball, location: 2F
1-2: Ball
2-2: Ball
3-2: Fly out, F9 (Line Drive, 9, EV 111.9 MPH)
Top of the 7th over - 0 runs, 0 hits, 0 errors, 0 left on base; Pittsburgh 2 - Syracuse 4
BOTTOM OF THE 7TH
Syracuse Snappers batting - Pitching for Pittsburgh Millers : RHP Evan Bowker
Batting: RHB Rodell bin Rahman 0-0: Called Strike
0-1: Swinging Strike
0-2: Foul Ball, location: 2F
0-2: Ball
1-2: Foul Ball, location: 2F
1-2: Strikes out swinging
Batting: RHB Felix Guzman 0-0: Ball
1-0: Fly out, F7 (Flyball, 7S, EV 81.9 MPH)
Batting: LHB Grayson Fragale 0-0: Ball
1-0: Called Strike
1-1: Called Strike
1-2: Foul Ball, location: 2F
1-2: Strikes out swinging
Bottom of the 7th over - 0 runs, 0 hits, 0 errors, 0 left on base; Pittsburgh 2 - Syracuse 4
TOP OF THE 8TH
Pittsburgh Millers batting - Pitching for Syracuse Snappers : RHP Clancy Buchanan
Pitching: RHP Eli Houchin
Batting: RHB Allan Jett 0-0: Called Strike
0-1: Foul Ball, location: 2F
0-2: Ball
1-2: Foul Ball, location: 2F
1-2: Ball
2-2: Foul Ball, location: 2F
2-2: Ball
3-2: SINGLE (Groundball, 3D, EV 100.0 MPH)
Batting: RHB Tracy Wick 0-0: Called Strike
0-1: Swinging Strike
0-2: Ball
1-2: Ball
2-2: Strikes out looking
Batting: RHB K.J. Avery 0-0: Called Strike
0-1: Fly out, F7 (Flyball, 78S, EV 70.6 MPH)
Batting: RHB Logan Barbee 0-0: Ball
1-0: Called Strike
1-1: Swinging Strike
1-2: Ball
Wild Pitch!
Allan Jett to second
2-2: Strikes out swinging
Top of the 8th over - 0 runs, 1 hit, 0 errors, 1 left on base; Pittsburgh 2 - Syracuse 4
BOTTOM OF THE 8TH
Syracuse Snappers batting - Pitching for Pittsburgh Millers : RHP Evan Bowker
Pitching: LHP Phil Cole
Batting: RHB Ben Piche 0-0: Called Strike
0-1: DOUBLE (Line Drive, 8LXD, EV 104.4 MPH)
Pitching: RHP Shavar Hannan
Batting: SHB J.D. Diltz 0-0: Ball
1-0: Swinging Strike
1-1: Ball
2-1: Called Strike
2-2: Strikes out swinging
Batting: RHB Damian Goranson 0-0: Intentional Walk
Batting: RHB Colton Sheridan 0-0: Called Strike
0-1: Ball
1-1: Reached on error, E5 (Groundball, 56, EV 86.2 MPH)
Ben Piche to third
Damian Goranson to second
Batting: LHB Lawrence Gatzioudis 0-0: Called Strike
0-1: Ball
1-1: Ball
2-1: Foul Ball, location: 2F
2-2: Ball
3-2: Fly out, F8 (Flyball, 8LM, EV 88.1 MPH)
Runner from 3rd tags up, OUT at HOME! 8-2
Bottom of the 8th over - 0 runs, 1 hit, 1 error, 2 left on base; Pittsburgh 2 - Syracuse 4
TOP OF THE 9TH
Pittsburgh Millers batting - Pitching for Syracuse Snappers : RHP Eli Houchin
Pitching: RHP Dallas Jordan
Batting: RHB Tevin Hawkins 0-0: Ball
1-0: Foul Ball, location: 2F
1-1: Foul Ball, location: 2F
1-2: Foul Ball, location: 2F
1-2: Ground out 5-3 (Groundball, 5, EV 90.6 MPH)
Batting: RHB Conner Wilson 0-0: Ball
1-0: Ground out 5-3 (Groundball, 56, EV 99.4 MPH)
Pinch Hitting: RHB Jeremy Knowlton 0-0: Called Strike
0-1: Foul Ball, location: 2F
0-2: Ground out 6-3 (Groundball, 6, EV 83.1 MPH)
Top of the 9th over - 0 runs, 0 hits, 0 errors, 0 left on base; Pittsburgh 2 - Syracuse 4
Tuesday, April 16th , 2024 - OOTP Baseball 23.10 Build 110